 Dungeon Sprint DCSS version 0.31-a0-675-g238779eb0a (webtiles) character file.

Game seed: 10206673873297263440

5600 sircluck the Grappler (level 10, -21/118 HPs)
             Began as a Troll Berserker on Sept 5, 2023.
             Was a High Priest of Trog.
             Killed from afar by a hell hog (45 damage)
             ... with a fireball
             ... in the Dungeon (Sprint II: "The Violet Keep of Menkaure").
             The game lasted 00:04:39 (394 turns).

sircluck the Grappler (Troll Berserker)              Turns: 394, Time: 00:04:39

Health: -21/118    AC:  4    Str: 33    XL:     10   Next: 45%
Magic:  9/9        EV: 16    Int:  3    God:    Trog [*****.]
Gold:   324        SH:  0    Dex: 15    Spells: 9/9 levels left

rFire   . .          .
                       - Unarmed
rCold   . . .        (no shield)
rNeg    . . .        a - +0 animal skin
rPois   .            (helmet restricted)
rElec   .            (no cloak)
rCorr   .            (gloves unavailable)
SInv    .            (boots unavailable)
Will    .....        (no amulet)
Stlth   +            h - ring of Roimnaq {Str+2 Dex+6}
HPRegen 1.19/turn    (no ring)
MPRegen 0.11/turn

%: no teleportation
@: no status effects
A: large, unfitting armour, claws 3, regeneration 1, shaggy fur 1, tough skin 1,
horns 1
a: Renounce Religion, Berserk, Trog's Hand, Brothers in Arms


You were in the Dungeon.
You worshipped Trog.
Trog was extremely pleased with you.
You visited 1 branch You collected 984 gold pieces.
You spent 660 gold pieces at shops.

Inventory:

Armour
 a - a +0 animal skin (worn)
Jewellery
 h - the ring of Roimnaq (left claw) {Str+2 Dex+6}
   (You bought it in a shop in the Dungeon)

   [ring of dexterity]

   Str+2:     It affects your strength (+2).
   Dex+6:     It affects your dexterity (+6).
Potions
 b - a potion of curing
 d - a potion of haste
 e - 2 potions of magic
 f - a potion of berserk rage


   Skills:
 + Level 12.7 Fighting
 + Level 12.5 Dodging
 + Level 14.7 Unarmed Combat


You had 9 spell levels left.
You didn't know any spells.
Your spell library was empty.

Dungeon Overview and Level Annotations

Branches:
Dungeon (1/1)

Altars:

Shops:
D [[:[![?=:=[(*!(

Annotations:
D exclusion: oklob plant


Innate Abilities, Weirdness & Mutations

You are too large for most types of armour.
You have claws for hands.
Your natural rate of healing is unusually fast.
You are covered in fur. (AC +1)
You have tough skin. (AC +1)
You have a pair of small horns on your head.


Message History

There is an open door, spattered with blood here.
You enter the shallow water.
The elephant trumpets!
You mangle the elephant!! You claw the elephant!!
The elephant is severely wounded.
The elephant barely misses you. The elephant misses you.
You completely miss the elephant.
The elephant is heavily wounded.
A hell hog comes into view.
The elephant tramples you.
You hold your ground!
The elephant barely misses you.
The hell hog squeals angrily.
You scratch the elephant but do no damage.
The elephant is heavily wounded.
The elephant completely misses you.
The elephant trunk-slaps you but does no damage.
You scratch the elephant. You headbutt the elephant.
The elephant is severely wounded.
The hell hog breathes fire at you.
The fireball explodes!
The fireball engulfs you!!
The fireball engulfs the elephant!
You claw the elephant!
You kill the elephant!
Trog accepts your kill.
Trog will now gift you melee weapons as you gain piety.
You are engulfed in a cloud of scalding steam.
Unknown command.
You are engulfed in a cloud of scalding steam.
The hell hog breathes fire at you.
The fireball explodes!
The fireball engulfs you!!
You are engulfed in a cloud of scalding steam.
The hell hog breathes fire at you.
The fireball explodes!
The fireball engulfs you!!
* * * LOW HITPOINT WARNING * * *
You are engulfed in a cloud of scalding steam.
* * * LOW HITPOINT WARNING * * *
The hell hog splashes around in the water.
The hell hog breathes fire at you.
The fireball explodes!
The fireball engulfs you!!!
You die...

###########~)~.........#
##........#~~~~.##'##..#
##....⌠...#~~~~####.##.####
##...∩.∩..#~~~~#..##.#....#
##..∩.∩.∩.#~~####...####..##
##...∩.∩.∩#†##.###'###.##..#
##∩.∩...∩.#~##..##.##.#.#..#
##.∩.....∩'h'.##†.<.'###+..#
##∩.......#@##..##.##.#.#...
#▓▓▓▓▓▓▓###§##.###'###.##...
##)SE######§§####...####~~..
#$)$#hh ##§§~#..#).#~~~~§§
#∩P?+h$#+ #§#~##...##§~~~~~
#?.$#(##. #.#~~##'##~~~≈≈≈~
#(..###°. ####~~~~~~~§~~≈≈≈
##+###... #+++#+++#~≈≈≈≈
..... ##§§≈#


You could see an iron elemental (wandering) and a hell hog (catching breath).

Vanquished Creatures
  Kirke (D)
  A yaktaur captain (D)
  A centaur warrior (D)
  A skeletal warrior (D)
  An elephant (D)
  A merfolk siren (D)
  A kobold demonologist (D)
  A blink frog (D)
  2 wyverns (D)
  4 neqoxecs (D)
  2 water moccasins (D)
  4 scorpions (D)
20 creatures vanquished.

Vanquished Creatures (collateral kills)
  A hell hog (D)
1 creature vanquished.

Vanquished Creatures (others)
  Menkaure (D)
1 creature vanquished.

Grand Total: 22 creatures vanquished

Notes
Turn   | Place    | Note
-------+----------+-------------------------------------------
     0 | D        | sircluck the Troll Berserker began the quest for the Orb.
     0 | D        | Reached XP level 1. HP: 22/22 MP: 0/0
     1 | D        | Noticed a neqoxec
     1 | D        | Noticed a neqoxec
     1 | D        | Noticed a neqoxec
     1 | D        | Noticed a neqoxec
     4 | D        | Gained mutation: You have a pair of small horns on your
                  | head. [a neqoxec]
     7 | D        | Killed a neqoxec
     8 | D        | Reached skill level 5 in Fighting
     8 | D        | Reached skill level 5 in Dodging
     8 | D        | Reached skill level 6 in Unarmed Combat
     8 | D        | Reached XP level 2. HP: 33/35 MP: 1/1
     8 | D        | Reached XP level 3. HP: 41/42 MP: 2/2
     8 | D        | Reached XP level 4. HP: 48/50 MP: 3/3
     9 | D        | Killed a neqoxec
    10 | D        | Reached skill level 7 in Unarmed Combat
    10 | D        | Reached XP level 5. HP: 60/61 MP: 4/4
    13 | D        | Killed a neqoxec
    13 | D        | Reached ** piety under Trog
    14 | D        | Reached skill level 8 in Unarmed Combat
    14 | D        | Reached XP level 6. HP: 58/71 MP: 5/5
    14 | D        | Lost intelligence.
    19 | D        | Killed a neqoxec
    20 | D        | Reached skill level 9 in Unarmed Combat
    28 | D        | Noticed a flying skull
    28 | D        | Noticed a flying skull
    28 | D        | Noticed a flying skull
    28 | D        | Noticed a flying skull
    28 | D        | Noticed a flying skull
    28 | D        | Noticed a flying skull
    28 | D        | Noticed a flying skull
    28 | D        | Noticed a flying skull
    29 | D        | Noticed a flying skull
    29 | D        | Noticed a flying skull
    29 | D        | Noticed a flying skull
    29 | D        | Noticed a flying skull
    30 | D        | Noticed a water moccasin
    34 | D        | Killed a water moccasin
    35 | D        | Reached XP level 7. HP: 56/80 MP: 6/6
    36 | D        | Found Laydd's Distillery.
    36 | D        | Found Navywnuc's Weapon Emporium.
    37 | D        | Found Plog's Antique Weapon Emporium.
    37 | D        | Found Xeutzoc's General Store.
    38 | D        | Found Kuxejueh's Jewellery Shoppe.
    38 | D        | Found Jyvuyrie's Antique Armour Emporium.
    39 | D        | Found Wuimog's Book Shoppe.
    40 | D        | Found Qenu's Magic Scroll Emporium.
    40 | D        | Found Akian's Jewellery Shoppe.
    41 | D        | Found Keid's Distillery.
    41 | D        | Found Dozen's Armour Shoppe.
    44 | D        | Noticed an iron elemental
    46 | D        | Killed Menkaure
    61 | D        | Noticed an obsidian statue
   100 | D        | Reached *** piety under Trog
   105 | D        | Reached skill level 10 in Unarmed Combat
   117 | D        | Noticed a wyvern
   117 | D        | Noticed a wyvern
   124 | D        | Killed a wyvern
   125 | D        | Killed a wyvern
   125 | D        | Reached **** piety under Trog
   126 | D        | Reached XP level 8. HP: 47/92 MP: 7/7
   165 | D        | Noticed a merfolk siren
   170 | D        | Killed a merfolk siren
   171 | D        | Reached skill level 11 in Unarmed Combat
   188 | D        | Noticed a blink frog
   195 | D        | Killed a blink frog
   196 | D        | Reached skill level 10 in Fighting
   210 | D        | Found Jewuw's Antique Armour Shoppe.
   210 | D        | Noticed an oklob plant
   211 | D        | Found Emung's Armour Shoppe.
   211 | D        | Found Zeismanau's Antique Armour Emporium.
   211 | D        | Found Atiw's Book Shoppe.
   255 | D        | Bought the ring of Roimnaq {Str+2 Dex+6} for 660 gold
                  | pieces
   264 | D        | Reached ***** piety under Trog
   265 | D        | Reached skill level 10 in Dodging
   272 | D        | Noticed an elephant
   272 | D        | Noticed a centaur warrior
   272 | D        | Noticed Kirke
   272 | D        | Noticed a skeletal warrior
   272 | D        | Noticed a yaktaur captain
   272 | D        | Noticed a kobold demonologist
   280 | D        | Killed Kirke
   281 | D        | Reached skill level 13 in Unarmed Combat
   281 | D        | Reached XP level 9. HP: 105/105 MP: 8/8
   284 | D        | Killed a kobold demonologist
   287 | D        | Killed a centaur warrior
   287 | D        | Noticed a hell hog
   292 | D        | Killed a yaktaur captain
   293 | D        | Reached skill level 14 in Unarmed Combat
   293 | D        | Reached XP level 10. HP: 68/115 MP: 9/9
   297 | D        | Killed a hell hog
   302 | D        | Killed a skeletal warrior
   387 | D        | Noticed a hell hog
   390 | D        | Killed an elephant
   394 | D        | Killed from afar by a hell hog

Illustrated notes

Levels and vault maps discovered:
D:        the_violet_keep_of_menkaure [sprint2_stairs_cluster_1,
          sprint2_shoproom, sprint2_temple, sprint2_basic_supplies,
          sprint2_obstacle_3, sprint2_obstacle_4, sprint2_obstacle_1,
          sprint2_obstacle_2, sprint2_obstacle_7, sprint2_timed_cluster_1,
          sprint2_smallroom_cluster_1, sprint2_smallroom_final_cluster_1,
          sprint2_transparent_cluster_1, sprint2_second_timed_cluster_1,
          sprint2_sniper_area_1, sprint2_heavy_combat_area_1,
          sprint2_mutation_trap_area_1, sprint2_forest_area_1,
          sprint2_light_combat_area_1, sprint2_behind_water_1,
          sprint2_near_end_vault_1]

Skill      XL: |  1  2  3  4  5  6  7  8  9 10 |
---------------+-------------------------------+-----
Fighting       | 5 6 7 8 9 11 12 | 12.7
Dodging        | 5 6 7 9 11 12 | 12.5
Unarmed Combat | 6 7 8 9 10 13 14 | 14.7

Action                     |  1- 3 |  4- 6 |  7- 9 | 10-12 || total
---------------------------+-------+-------+-------+-------++-------
  Melee: Unarmed           |     5 |    12 |    41 |     9 ||    67
         Headbutt          |       |     3 |     3 |     1 ||     7
         Punch             |       |       |     3 |     1 ||     4
 Invoke: Berserk           |     1 |       |     1 |       ||     2
         Brothers in Arms  |       |       |     1 |     1 ||     2
    Use: Scroll            |       |       |       |     1 ||     1
         Potion            |       |       |       |     1 ||     1
 Armour: Animal skin       |     2 |     8 |    29 |    17 ||    56
  Dodge: Dodged            |       |     3 |    11 |     9 ||    23

Table legend: (Time is in decaauts)
 A = Elapsed time spent in this place.
 B = Non-inter-level travel time spent in this place.
 C = Inter-level travel time spent in this place.
 D = Time resting spent in this place.
 E = Time spent auto-exploring this place.
 F = Levels seen in this place.
 G = Mean time per level.
                   A        B        C        D        E       F      G
               +--------+--------+--------+--------+--------+-----+--------+
         Total |    397 |    385 |     12 |    101 |     41 |   1 |  397.0 |
       Dungeon |    397 |    385 |     12 |    101 |     41 |   1 |  397.0 |
               +--------+--------+--------+--------+--------+-----+--------+

Top non-repeatable levels by time:
       D: 397 daAuts
